 Dungeon Crawl Stone Soup version 0.26.0-15-gc6cd9f700b (webtiles) character file.

Game seed: 17273192362007481089

65 ragingrage the Chopper (level 4, -1/35 HPs)
             Began as a Formicid Abyssal Knight on Jan 15, 2021.
             Was a Believer of Lugonu.
             Slain by a white imp (2 damage)
             ... on level 2 of the Dungeon.
             The game lasted 00:01:57 (2543 turns).

ragingrage the Chopper (Formicid Abyssal Knight)    Turns: 2543, Time: 00:01:58

Health: -1/35      AC:  3    Str: 17    XL:     4   Next: 35%
Magic:  5/5        EV: 11    Int: 11    God:    Lugonu [**....]
Gold:   141        SH:  0    Dex: 11    Spells: 3/3 levels left

rFire    . . .     SeeInvis +   a - +1 hand axe
rCold    . . .     Faith    .   (no shield)
rNeg     . . .     Spirit   .   b - +0 leather armour
rPois    .         Reflect  .   (helmet unavailable)
rElec    .         Harm     .   (no cloak)
rCorr    .         Rampage  .   (no gloves)
Will     .....                  (no boots)
Stlth    +.........             (no amulet)
HPRegen  0.11/turn              (no ring)
MPRegen  0.09/turn              (no ring)

@: no status effects
A: permanent stasis, dig shafts and tunnels, four strong arms, antennae 3
a: Dig, Shaft Self, Renounce Religion, Depart the Abyss, Bend Space


You were on level 2 of the Dungeon.
You worshipped Lugonu.
Lugonu was pleased with you.
You visited 1 branch of the dungeon, and saw 3 of its levels.
You visited the Abyss 1 time.

You collected 141 gold pieces.

Inventory:

Hand Weapons
 a - a +1 hand axe (weapon)
Missiles
 i - 22 poisoned darts (quivered)
 o - 6 atropa-tipped darts
Armour
 b - a +0 leather armour (worn)
Scrolls
 c - a scroll of teleportation {unknown}
 d - 2 scrolls of identify {unknown}
 f - a scroll of noise {unknown}
 h - 2 scrolls of remove curse {unknown}
 k - 3 scrolls of immolation {unknown}
 m - a scroll of fog {unknown}
 n - 2 scrolls of blinking {unknown}
Potions
 e - 2 potions of lignification {unknown}
 g - 2 potions of haste {unknown}
 j - a potion of curing {unknown}
 l - 2 potions of heal wounds {unknown}
 p - 2 potions of attraction {unknown}


   Skills:
 - Level 3.3 Fighting
 + Level 4.0 Axes
 - Level 2.3 Armour
 - Level 1.0 Dodging
 - Level 2.3 Invocations


You had 3 spell levels left.
You didn't know any spells.
Your spell library was empty.

Dungeon Overview and Level Annotations

Branches:
Dungeon (3/15)

Altars:
Hepliaklqana
Okawaru
Sif Muna


Innate Abilities, Weirdness & Mutations

You cannot be hasted, slowed, berserked, paralysed or teleported.
You can dig through walls and to a lower floor.
Your four strong arms can wield two-handed weapons with a shield.
You have a pair of large antennae on your head. (SInv)


Message History

You hit the orc but do no damage. The orc barely misses you.
The white imp barely misses you.
You hit the white imp.
The white imp is heavily wounded.
You hit the orc but do no damage. The orc barely misses you.
The white imp gestures at you. The puff of frost misses you.
You hit the white imp but do no damage.
The white imp is heavily wounded.
You closely miss the orc. The orc hits you.
* * * LOW HITPOINT WARNING * * *
The white imp gestures at you. The puff of frost hits you!
* * * LOW HITPOINT WARNING * * *
You hit the white imp.
The white imp is severely wounded.
You hit the orc but do no damage. The orc misses you. The white imp hits you.
* * * LOW HITPOINT WARNING * * *
The white imp freezes you.
You die...

.#######
#.##..<....#..#.... .#
#.#####..#.#..#..## .#
#........#.......# .#
#######.......#..# .#
######.....# ## ####.##
# #.# ####### ##.###
#@5...# #...(. #####
#.o...#######..#..
....#
#..............#.#
.##.# ###
#.....######.....#
.##.###.## #.....#
#.....# .........#
###.### ##...##
###.###.## ##.## #.....
....###.#########...##
##.###
######......##.......##
#.#


You could see a white imp and an orc.

Vanquished Creatures
  An adder (D:2)
  A worm (D:2)
  2 dart slugs
  A leopard gecko (D:2)
  2 orcs (D:2)
  A ball python (D:2)
  7 bats
  3 giant cockroaches
  6 goblins
  6 hobgoblins
  4 kobolds
  6 frilled lizards
  6 rats
46 creatures vanquished.

Notes
Turn   | Place    | Note
-------+----------+-------------------------------------------
     0 | Abyss:1  | ragingrage the Formicid Abyssal Knight began the quest for
                  | the Orb.
     0 | Abyss:1  | Reached XP level 1. HP: 18/18 MP: 2/2
     9 | D:1      | Escaped the Abyss
    97 | D:1      | Reached skill level 1 in Dodging
   247 | D:1      | Reached XP level 2. HP: 24/24 MP: 3/3
   583 | D:1      | Reached XP level 3. HP: 23/29 MP: 4/4
   826 | D:1      | Reached skill level 3 in Axes
  1208 | D:2      | Found an iron altar of Okawaru.
  1229 | D:2      | Reached ** piety under Lugonu
  1561 | D:2      | Found a hazy altar of Hepliaklqana.
  1617 | D:2      | Reached XP level 4. HP: 35/35 MP: 5/5
  1626 | D:2      | Found a shimmering blue altar of Sif Muna.
  2467 | D:2      | Reached skill level 4 in Axes
  2543 | D:2      | HP: 1/35 [white imp (2)]
  2543 | D:2      | Slain by a white imp

Illustrated notes

Levels and vault maps discovered:
D:1:      evilmike_arrival_crescent, layout_rooms
D:2:      layout_loops_corners, nzn_hepliaklqana_mist_gate,
          lemuel_blue_sif_altar, okawaru_ov_weapons_minmay
D:3:      layout_basic

Skill      XL: |  1  2  3  4 |
---------------+-------------+-----
Dodging        | 1 |  1.0
Axes           | 3 4 |  4.0
Fighting       | |  3.3
Armour         | |  2.3
Invocations    | |  2.3

Action                   |  1- 3 |  4- 6 || total
-------------------------+-------+-------++-------
Melee: Hand axe          |   107 |    43 ||   150
Throw: Dart              |       |     5 ||     5
Armor: Leather armour    |    43 |    11 ||    54
Dodge: Dodged            |    65 |    24 ||    89
